 Seeded DCSS version 0.30.1-4-g462c640d31 (webtiles) character file.

Game seed: 6351066067085065685 (custom seed)

550 Esekla the Grave Robber (level 7, -4/36 HPs)
             Began as a Deep Elf Necromancer on Aug 27, 2023.
             Was a Believer of Vehumet.
             Killed from afar by a white imp (11 damage)
             ... with a puff of frost
             ... on level 5 of the Dungeon.
             The game lasted 00:29:03 (4109 turns).

Esekla the Grave Robber (Deep Elf Necromancer)      Turns: 4109, Time: 00:29:03

Health: -4/36      AC:  4    Str:  5    XL:     7   Next: 7%
Magic:  10/17      EV: 13    Int: 22    God:    Vehumet [**....]
Gold:   276        SH:  0    Dex: 15    Spells: 10/17 levels left

rFire   . . .        a - +2 dagger (vamp)
rCold   . . .        (no shield)
rNeg    . . .        m - +0 robe
rPois   .            j - +0 helmet
rElec   .            (no cloak)
rCorr   .            l - +0 pair of gloves
SInv    .            (no boots)
Will    .....        (no amulet)
Stlth   ++           (no ring)
HPRegen 0.26/turn    (no ring)
MPRegen 0.15/turn

%: no passive effects
@: no status effects
A: no striking features
a: Renounce Religion


You were on level 5 of the Dungeon.
You worshipped Vehumet.
Vehumet was pleased with you.
You visited 1 branch of the dungeon, and saw 5 of its levels.

You collected 276 gold pieces.

Inventory:

Hand Weapons
 a - a +2 vampiric dagger (weapon)
 s - the +5 rapier of the Hero {heavy, rN+ Dex+3}
   (You found it on level 3 of the Dungeon)

   Dex:       It affects your dexterity (+3).
   rN:        It protects you from negative energy.
Missiles
 r - 8 poisoned darts (quivered)
Armour
 j - a +0 helmet (worn)
 l - a +0 pair of gloves (worn)
 m - a +0 robe (worn)
Jewellery
 x - an amulet of magic regeneration
Wands
 q - a wand of roots (8)
 A - a wand of flame (15)
Scrolls
 c - 3 scrolls of enchant weapon {unknown}
 f - 4 scrolls of identify {unknown}
 n - a scroll of amnesia {unknown}
 o - a scroll of enchant armour {unknown}
 p - a scroll of immolation {unknown}
 t - 2 scrolls of fog {unknown}
 v - a scroll of silence {unknown}
 w - a scroll of magic mapping {unknown}
 y - 2 scrolls of fear
Potions
 b - a potion of magic
 d - a potion of ambrosia {unknown}
 e - 2 potions of attraction {unknown}
 g - a potion of heal wounds {unknown}
 h - a potion of haste {unknown}
 i - a potion of mutation {unknown}
 k - 5 potions of curing {unknown}
 u - 3 potions of brilliance {unknown}
 z - a potion of lignification {unknown}


   Skills:
 + Level 1.8 Short Blades
 + Level 0.2 Throwing
 * Level 4.2 Dodging
 + Level 3.5 Stealth
 * Level 5.9 Spellcasting
 * Level 2.0 Conjurations
 * Level 7.1 Necromancy


You had 10 spell levels left.
You knew the following spells:

 Your Spells              Type           Power      Damage    Failure   Level
a - Magic Dart            Conj           60%        1d6       4%          1
b - Necrotise             Necr           100%       1d9       1%          1
d - Vampiric Draining     Necr           37%        2d8       1%          3
e - Searing Ray           Conj           30%        2d5       6%          2

Your spell library contained the following spells:

 Spells                   Type           Power      Damage    Failure   Level
 Animate Dead             Necr           37%        N/A       4%          4
 Lesser Beckoning         Tloc           12%        N/A       14%         2
 Agony                    Necr           37%        N/A       14%         5
 Gell's Gravitas          Tloc           6%         N/A       28%         3
 Spider Form              Tmut/Pois      6%         N/A       28%         3
 Teleport Other           Tloc           6%         N/A       28%         3
 Cause Fear               Hex            3%         N/A       67%         4
 Summon Mana Viper        Hex/Summ       6%         N/A       95%         5


Dungeon Overview and Level Annotations

Branches:
Dungeon (5/15)
 Temple: D:4-7

Altars:
Dithmenos
Hepliaklqana
Okawaru
Qazlal
Trog
Vehumet
Zin
The Shining One

Shops:
D:2 =   D:4 (


Message History

Found an escape hatch in the ceiling.
y - 2 scrolls of fear (gained 1)
Found a stone staircase leading down.
A white imp comes into view.
The white imp shouts, "Crawl home, thou ducking rump-fed erk!"
The white imp grins evilly.
The white imp closely misses you.
You hit the white imp but do no damage. The white imp gestures at you.
The puff of frost hits you!
Casting: Vampiric Draining (safe; 1% risk of failure)
Confirm with . or Enter, or press ? or * to list all spells.
Aiming: Searing Ray (safe; 6% risk of failure)
Press: ? - help, Shift-Dir - straight line, f - white imp
Aim: a white imp (76% to hit)
The searing ray hits the white imp.
The white imp is moderately wounded. (Press . to maintain the ray.)
The white imp closely misses you.
The searing ray hits the white imp.
The white imp is moderately wounded.
The white imp closely misses you.
The searing ray misses the white imp.
The white imp gestures at you. The puff of frost hits you!
The searing ray misses the white imp.
You finish channelling your searing ray.
The white imp gestures at you. The puff of frost hits you!
* * * LOW HITPOINT WARNING * * *
Casting: Searing Ray (safe; 6% risk of failure)
Confirm with . or Enter, or press ? or * to list all spells.
Aiming: Searing Ray (safe; 6% risk of failure)
Press: ? - help, Shift-Dir - straight line, f/p - white imp
Aim: a white imp (moderately wounded, 76% to hit)
The searing ray misses the white imp. (Press . to maintain the ray.)
The white imp gestures at you. The puff of frost hits you!
You die...

#.###...#.#######..#
#.# ##..#... #..#
#.# #..#.### ...#
#.# ...# ##.## #.#
...# .. #.####.#.##
## #.#.......#
#..5.......
###@#####. #.# #.#
#.# #.# #.# #.# #.#


You could see a white imp.

Vanquished Creatures
  A black bear (D:2)
  A gnoll bouda (D:4)
  3 hounds
  3 iguanas
  12 gnolls
  8 adders
  A worm (D:4)
  3 dart slugs
  8 orcs
  4 endoplasms
  8 goblins
  5 hobgoblins
  A quokka (D:1)
  6 ball pythons
  4 bats
  4 frilled lizards
  5 kobolds
  A rat (D:2)
78 creatures vanquished.

Notes
Turn   | Place    | Note
-------+----------+-------------------------------------------
     0 | D:1      | Esekla the Deep Elf Necromancer began the quest for the
                  | Orb.
     0 | D:1      | Reached XP level 1. HP: 10/10 MP: 6/6
   343 | D:2      | Found Renulab's Jewellery Shop.
   484 | D:4      | Found a glowing silver altar of Zin.
   495 | D:4      | Found an iron altar of Okawaru.
   506 | D:4      | Found a radiant altar of Vehumet.
   623 | D:4      | Became a worshipper of Vehumet
   735 | D:4      | Found Ponaysk's Antique Weapon Boutique.
   933 | D:3      | Reached skill level 5 in Necromancy
   986 | D:3      | Reached XP level 2. HP: 15/15 MP: 8/8
  1228 | D:3      | Identified the +5 rapier of the Hero {heavy, rN+ Dex+3}
  1557 | D:1      | Reached XP level 3. HP: 6/19 MP: 9/9
  1561 | D:1      | Learned a level 3 spell: Vampiric Draining
  1937 | D:1      | Reached * piety under Vehumet
  1937 | D:1      | Offered knowledge of Magic Dart by Vehumet.
  1962 | D:1      | Learned a level 1 spell: Magic Dart
  2058 | D:2      | Reached XP level 4. HP: 24/24 MP: 4/11
  2067 | D:2      | Noticed a black bear
  2114 | D:2      | Reached skill level 1 in Short Blades
  2257 | D:2      | Found a faded altar of an unknown god.
  2301 | D:2      | Killed a black bear
  2302 | D:2      | Reached skill level 1 in Conjurations
  2302 | D:2      | Reached skill level 6 in Necromancy
  2302 | D:2      | Reached XP level 5. HP: 21/28 MP: 3/13
  2503 | D:3      | Found a stormy altar of Qazlal.
  2506 | D:3      | Found a hazy altar of Hepliaklqana.
  2506 | D:3      | Found a bloodstained altar of Trog.
  2924 | D:4      | Reached XP level 6. HP: 29/32 MP: 11/15
  2968 | D:4      | Found a glowing golden altar of the Shining One.
  3008 | D:4      | Reached skill level 5 in Spellcasting
  3422 | D:4      | Offered knowledge of Searing Ray by Vehumet.
  3427 | D:4      | Learned a level 2 spell: Searing Ray
  3473 | D:4      | HP: 1/32 [gnoll/+0 halberd (15)]
  3604 | D:3      | Reached ** piety under Vehumet
  3776 | D:5      | Entered Level 5 of the Dungeon
  3784 | D:5      | Got the Parchment of the Lumpy Olives
  3800 | D:5      | Found a shadowy altar of Dithmenos.
  3924 | D:5      | Reached skill level 7 in Necromancy
  3936 | D:5      | Reached XP level 7. HP: 36/36 MP: 15/17
  4109 | D:5      | Killed from afar by a white imp

Illustrated notes

Levels and vault maps discovered:
D:1:      sevenhm_arrival_forest_fort_small_3, layout_rooms,
          chequers_serial_rivers_room_b, minmay_misc_feat_five
D:2:      layout_loops_ring, dreamdust_ecumenical_altar_angels_and_demons,
          serial_shops, shop
D:3:      layout_basic, grunt_temple_overflow_open, minmay_misc_feat_iff
D:4:      layout_basic, nicolae_overflow_quartered_altars, serial_shops,
          nicolae_diamond_shop
D:5:      layout_loops_ring, lemuel_doored_altar, minmay_misc_feat_rows,
          dreamdust_wishing_well

Skill      XL: |  1  2  3  4  5  6  7 |
---------------+----------------------+-----
Necromancy     | 5 6 7 |  7.1
Stealth        | 3 |  3.5
Dodging        | 3 4 |  4.2
Short Blades   | 1 |  1.8
Spellcasting   | 4 5 |  5.9
Conjurations   | 1 2 |  2.0
Throwing       | |  0.2

Action                     |  1- 3 |  4- 6 |  7- 9 || total
---------------------------+-------+-------+-------++-------
  Melee: Short sword       |    88 |    49 |       ||   137
         Unarmed           |     9 |       |       ||     9
         Punch             |     1 |       |       ||     1
         Dagger            |       |    70 |    11 ||    81
  Throw: Dart              |       |     9 |       ||     9
   Cast: Vampiric Draining |     8 |    31 |     1 ||    40
         Searing Ray       |       |     3 |     2 ||     5
    Use: Scroll            |     1 |     1 |       ||     2
   Stab: Sleeping          |     6 |     2 |     1 ||     9
         Distracted        |       |     2 |       ||     2
 Armour: Robe              |    26 |    29 |     3 ||    58
  Dodge: Dodged            |    82 |    91 |     8 ||   181
